 Dungeon Crawl Stone Soup version 0.30-a0-1116-gebefce21f7 (webtiles) character file.

Game seed: 8205660090854477017

3669 turtlemage the Covert (level 9, -6/64 HPs)
             Began as a Spriggan Hunter on Apr 22, 2023.
             Was a High Priest of Okawaru.
             Mangled by a vampire mosquito (9 damage)
             ... on level 9 of the Dungeon.
             The game lasted 00:50:32 (7653 turns).

turtlemage the Covert (Spriggan Hunter)             Turns: 7653, Time: 00:50:33

Health: -6/64      AC: 24    Str:  7    XL:     9   Next: 89%
Magic:  15/15      EV:  4    Int: 13    God:    Okawaru [*****.]
Gold:   468        SH:  0    Dex: 20    Spells: 9/15 levels left

rFire   . . .      SeeInvis +    s - +0 arbalest
rCold   . . .      Faith    .    (shield currently unavailable)
rNeg    . . .      Spirit   .    c - melded +0 robe
rPois   +          Reflect  .    e - melded +0 hat
rElec   .          Rampage  .    (cloak currently unavailable)
rCorr   +          NoTele   +    (gloves unavailable)
Will    +....                    (boots unavailable)
Stlth   +++++                    (no amulet)
HPRegen 0.30/turn                o - ring of poison resistance
MPRegen 0.14/turn                t - ring of resist corrosion

@: tree-form
A: stationary, stasis, torment immunity, boosted hp, very small, no large
weapons, unfitting armour, see invisible, (speed 3)
a: Renounce Religion, Heroism, Finesse, Duel


You were on level 9 of the Dungeon.
You worshipped Okawaru.
Okawaru was extremely pleased with you.
You were a tree.
You visited 1 branch of the dungeon, and saw 9 of its levels.

You collected 468 gold pieces.

Inventory:

Hand Weapons
 a - a +1 shortbow
 s - a +0 arbalest (weapon)
Missiles
 v - a throwing net
Armour
 c - a +0 robe (melded)
 e - a +0 hat (melded)
 k - a +3 plate armour of cold resistance
 x - a scarf of invisibility
Magical Staves
 f - a staff of conjuration
 q - a staff of earth
Jewellery
 o - a ring of poison resistance (left branch)
 t - a ring of resist corrosion (right branch)
 z - a +6 ring of intelligence
Wands
 A - a wand of roots (8)
 B - a wand of paralysis (10)
Scrolls
 b - 2 scrolls of immolation
 i - 6 scrolls of teleportation
 n - 4 scrolls of poison
 u - a scroll of torment
 w - 2 scrolls of vulnerability {unknown}
 y - a scroll of fog
Potions
 d - 5 potions of curing
 g - 3 potions of might
 h - 2 potions of brilliance
 j - a potion of berserk rage {unknown}
 l - 3 potions of attraction
 m - 2 potions of lignification
 p - a potion of invisibility {unknown}
 r - 2 potions of cancellation {unknown}


   Skills:
 - Level 2.9 Fighting
 + Level 8.2 Ranged Weapons
 + Level 9.6 Dodging
 + Level 11.0 Stealth
 + Level 3.8 Spellcasting
 + Level 4.8 Necromancy


You had 9 spell levels left.
You knew the following spells:

 Your Spells              Type           Power      Damage    Failure   Level
a - Magic Dart            Conj           8%         1d3       22%         1
b - Agony                 Necr           15%        N/A       63%         5

Your spell library contained the following spells:

 Spells                   Type           Power      Damage    Failure   Level
 Necrotise                Necr           60%        1d7       3%          1
 Vampiric Draining        Necr           15%        2d7       9%          3
 Searing Ray              Conj           4%         2d4       32%         2
 Fulminant Prism          Conj/Hex       1%         3d5       91%         4


Dungeon Overview and Level Annotations

Branches:
Dungeon (9/15)             Temple (0/1) D:6
   Lair: D:8-11         Orc: D:9-12

Altars:
Hepliaklqana
Nemelex Xobeh
Okawaru
Ru
Sif Muna
Zin


Innate Abilities, Weirdness & Mutations

You are a tree.
Your roots penetrate the ground, keeping you stationary.
You cannot be teleported.
You are immune to unholy pain and torment.
Your maximum health is greatly increased.
Your equipment is partially melded.
You are very small and have problems with some larger weapons.
You are too small for most types of armour.
You have supernaturally acute eyesight. (SInv)
((You cover ground extremely quickly. (Speed+++)))


Message History

The bolt hits the vampire mosquito but does no damage.
The vampire mosquito is almost destroyed.
The vampire mosquito barely misses you. x2
The vampire mosquito completely misses you.
The vampire mosquito bites you.
The vampire mosquito draws strength from your injuries!
The vampire mosquito bites you!
The vampire mosquito draws strength from your injuries!
The vampire mosquito bites you.
The vampire mosquito draws strength from your injuries!
What are your orders? t - Shout!
Orders for allies: a - Attack new target. p - Attack previous target. r - Retreat! s - Stop attacking. g - Guard the area. f - Follow me.
Anything else - Cancel.
Okay, then.
The vampire mosquito bites you!
* * * LOW HITPOINT WARNING * * *
The vampire mosquito draws strength from your injuries!
The vampire mosquito closely misses you.
The vampire mosquito completely misses you.
The vampire mosquito attacks as you move away!
The vampire mosquito bites you!
* * * LOW HITPOINT WARNING * * *
The vampire mosquito draws strength from your injuries!
Found a sacrificial altar of Ru and a shimmering blue altar of Sif Muna.
Okay, then.
Really quaff the potion of lignification?
You turn into a tree.
Your +0 hat melds into your body.
Your +0 robe melds into your body.
Your roots penetrate the ground.
The vampire mosquito barely misses you.
The vampire mosquito bites you but does no damage.
The vampire mosquito barely misses you.
The vampire mosquito bites you but does no damage.
You shoot a bolt. The bolt hits the vampire mosquito.
The vampire mosquito is lightly damaged.
The vampire mosquito bites you but does no damage.
The vampire mosquito barely misses you. The vampire mosquito bites you!
You die...

#_#_# .#.8# ....
... 8. #.##
#####..#
#....y♣###########
#.....yy.........#
####..y..........#
##.#..W.......#
#......$.....###
###............##
..............#..#
..##.............##
# #)..........^...#


You could see 4 vampire mosquitoes and a shadow.

Vanquished Creatures
  A two-headed ogre (D:8)
  Joseph (D:7)
  A troll (D:9)
  Sigmund (D:2)
  Eustachio (D:6)
  Menkaure (D:6)
  2 black bears
  3 sky beasts
  3 ogres
  A phantom (D:8)
  2 bullfrogs
  A kobold brigand (D:8)
  2 gnoll sergeants (D:7)
  4 scorpions
  A howler monkey (D:5)
  3 hounds
  3 jellies
  Ijyb (D:4)
  Natasha (D:2)
  A sleepcap (D:5)
  Terence (D:2)
  6 iguanas
  3 adders
  19 gnolls
  A shadow imp (D:5)
  2 white imps (D:6)
  2 worms
  2 dart slugs (D:2)
  5 orcs
  4 ball pythons
  7 endoplasms
  5 giant cockroaches
  6 goblins
  4 hobgoblins
  3 jackals (D:3)
  9 kobolds
  4 quokkas
  5 bats
  4 frilled lizards
  4 rats
130 creatures vanquished.

Notes
Turn   | Place    | Note
-------+----------+-------------------------------------------
     0 | D:1      | turtlemage the Spriggan Hunter began the quest for the Orb.
     0 | D:1      | Reached XP level 1. HP: 10/10 MP: 2/2
   202 | D:1      | Reached skill level 2 in Stealth
   205 | D:1      | Reached XP level 2. HP: 15/15 MP: 3/3
   412 | D:1      | Found a faded altar of an unknown god.
   426 | D:1      | Prayed at the altar of an unknown god.
   426 | D:1      | Became a worshipper of Warmaster Okawaru
   426 | D:1      | Reached * piety under Okawaru
   907 | D:2      | Reached XP level 3. HP: 18/18 MP: 4/4
  1061 | D:2      | Reached skill level 3 in Stealth
  1142 | D:2      | Noticed Terence
  1204 | D:2      | Killed Terence
  1205 | D:2      | Reached XP level 4. HP: 23/23 MP: 5/5
  1296 | D:2      | Noticed Sigmund
  1320 | D:2      | Killed Sigmund
  1321 | D:2      | Reached skill level 4 in Stealth
  1321 | D:2      | Reached XP level 5. HP: 26/28 MP: 6/6
  1437 | D:2      | Noticed Natasha
  1459 | D:2      | Killed Natasha
  1460 | D:2      | Reached skill level 5 in Ranged Weapons
  1734 | D:3      | Reached XP level 6. HP: 32/32 MP: 7/7
  2531 | D:4      | Learned a level 1 spell: Magic Dart
  2634 | D:4      | Noticed Ijyb
  2854 | D:4      | Killed Ijyb
  2855 | D:4      | Reached skill level 5 in Stealth
  3211 | D:4      | Reached skill level 5 in Dodging
  3405 | D:4      | Reached ** piety under Okawaru
  3506 | D:5      | Entered Level 5 of the Dungeon
  3518 | D:5      | Reached skill level 6 in Stealth
  3536 | D:5      | Reached XP level 7. HP: 35/35 MP: 8/8
  3665 | D:5      | Identified the +6 flail "Pimac" {elec, Str+2}
  3813 | D:5      | Reached skill level 7 in Stealth
  3828 | D:5      | Learned a level 5 spell: Agony
  4125 | D:5      | Found a glowing silver altar of Zin.
  4125 | D:5      | Found a hazy altar of Hepliaklqana.
  4280 | D:6      | Reached skill level 1 in Necromancy
  4454 | D:6      | Found a staircase to the Ecumenical Temple.
  4542 | D:6      | Found a sparkling altar of Nemelex Xobeh.
  4553 | D:6      | Reached *** piety under Okawaru
  4554 | D:6      | Reached XP level 8. HP: 38/39 MP: 9/9
  4578 | D:6      | Noticed Eustachio
  5110 | D:6      | Reached skill level 8 in Stealth
  5111 | D:6      | Noticed Menkaure
  5116 | D:6      | Killed Menkaure
  5580 | D:6      | Killed Eustachio
  5830 | D:7      | Reached skill level 9 in Stealth
  6465 | D:7      | Noticed Joseph
  6477 | D:7      | Killed Joseph
  6477 | D:7      | Reached **** piety under Okawaru
  6478 | D:7      | Reached XP level 9. HP: 23/43 MP: 10/10
  6753 | D:7      | Reached skill level 1 in Spellcasting
  6816 | D:7      | Reached skill level 10 in Stealth
  7005 | D:8      | Noticed a two-headed ogre
  7031 | D:8      | Killed a two-headed ogre
  7031 | D:8      | Reached ***** piety under Okawaru
  7161 | D:8      | Received a gift from Okawaru
  7608 | D:9      | Noticed a troll
  7626 | D:9      | Killed a troll
  7627 | D:9      | Reached skill level 11 in Stealth
  7650 | D:9      | HP: 1/43 [vampire mosquito (11)]
  7651 | D:9      | Found a sacrificial altar of Ru.
  7651 | D:9      | Found a shimmering blue altar of Sif Muna.
  7653 | D:9      | Mangled by a vampire mosquito

Illustrated notes

Levels and vault maps discovered:
D:1:      lemuel_arrival_funnel, layout_loops_ring,
          chequers_ecumenical_altar_simple, st_stairs_10, minmay_pentomino_w4
D:2:      layout_basic, st_stairs_6, uniq_terence, uniq_natasha, uniq_sigmund
D:3:      layout_rooms
D:4:      layout_basic, uniq_ijyb
D:5:      layout_rooms, gammafunk_temple_overflow_elements,
          serial_park_tiny_pond, minmay_misc_feat_enclosed,
          chequers_serial_rivers_marsh
D:6:      layout_loops_ring, nemelex_dance_club_becter,
          minmay_temple_entry_junction, st_stairs_1, uniq_menkaure,
          uniq_eustachio
D:7:      layout_gridville, roderic_filled_cross, uniq_joseph
D:8:      layout_rooms
D:9:      layout_rooms, minitemple

Skill      XL: |  1  2  3  4  5  6  7  8  9 |
---------------+----------------------------+-----
Stealth        | 2 3 4 6 7 9 11 | 11.0
Dodging        | 3 4 5 6 8 9 |  9.6
Fighting       | 2 |  2.9
Ranged Weapons | 5 6 7 8 |  8.2
Necromancy     | 1 3 4 |  4.8
Spellcasting   | 3 |  3.8

Action                     |  1- 3 |  4- 6 |  7- 9 || total
---------------------------+-------+-------+-------++-------
   Fire: Shortbow          |    97 |   133 |    42 ||   272
         Arbalest          |       |       |   263 ||   263
   Cast: Magic Dart        |       |       |     2 ||     2
    Use: Scroll            |       |     5 |     9 ||    14
         Potion            |       |       |     1 ||     1
 Armour: Robe              |     7 |     2 |     8 ||    17
         Skin              |       |       |     3 ||     3
  Dodge: Dodged            |    33 |    53 |   256 ||   342

Table legend: (Time is in decaauts)
 A = Elapsed time spent in this place.
 B = Non-inter-level travel time spent in this place.
 C = Inter-level travel time spent in this place.
 D = Time resting spent in this place.
 E = Time spent auto-exploring this place.
 F = Levels seen in this place.
 G = Mean time per level.
                   A        B        C        D        E       F      G
               +--------+--------+--------+--------+--------+-----+--------+
         Total |   5596 |   5596 |      0 |   1229 |    152 |   9 |  621.8 |
       Dungeon |   5596 |   5596 |      0 |   1229 |    152 |   9 |  621.8 |
               +--------+--------+--------+--------+--------+-----+--------+

Top non-repeatable levels by time:
     D:6: 1250 daAuts
     D:4: 952 daAuts
     D:7: 877 daAuts
     D:2: 707 daAuts
     D:5: 517 daAuts
     D:1: 482 daAuts
     D:8: 463 daAuts
     D:3: 298 daAuts
     D:9: 46 daAuts
